 Dungeon Crawl Stone Soup version 0.31-a0-1172-g9944ec47dd (webtiles) character file.

Game seed: 12897033158735610802

275 ketsa the Caller (level 6, 0/32 HPs)
             Began as a Kobold Summoner on Dec 10, 2023.
             Slain by a killer bee (4 damage)
             ... on level 4 of the Dungeon.
             The game lasted 00:13:57 (3081 turns).

ketsa the Caller (Kobold Summoner)                  Turns: 3081, Time: 00:13:58

Health: 0/32       AC:  2    Str:  5    XL:     6   Next: 50%
Magic:  7/12       EV: 16    Int: 18    God:
Gold:   282        SH:  0    Dex: 16    Spells: 10/13 levels left

rFire   . . .        l - +0 dagger (venom)
rCold   . . .        (no shield)
rNeg    . . .        a - +0 robe
rPois   .            (no helmet)
rElec   .            (no cloak)
rCorr   .            (no gloves)
SInv    .            (no boots)
Will    .....        (no amulet)
Stlth   +++          (no ring)
HPRegen 0.25/turn    (no ring)
MPRegen 0.13/turn

%: no passive effects
@: lethally poisoned (0 -> -4)
A: small, no large weapons, nightstalker 3
a: no special abilities


You were on level 4 of the Dungeon.
You visited 1 branch of the dungeon, and saw 4 of its levels.

You collected 282 gold pieces.

Inventory:

Hand Weapons
 e - a +0 club
 g - a +0 dagger
 l - a +0 dagger of venom (weapon)
 p - a +0 dagger of distortion
Missiles
 h - 17 poisoned darts
 w - 2 boomerangs
Armour
 a - a +0 robe (worn)
Jewellery
 x - a +5 ring of evasion
 B - an amulet of guardian spirit
Talismans
 y - a flux talisman
Wands
 r - a wand of light (6)
Scrolls
 d - 4 scrolls of identify {unknown}
 j - a scroll of revelation {unknown}
 k - 5 scrolls of fear {unknown}
 m - a scroll of enchant armour {unknown}
 n - a scroll of vulnerability {unknown}
 q - a scroll of amnesia {unknown}
 s - a scroll of summoning {unknown}
 t - 2 scrolls of fog {unknown}
 u - a scroll of noise {unknown}
 z - a scroll of enchant weapon {unknown}
 C - a scroll of immolation {unknown}
Potions
 b - a potion of magic
 c - a potion of attraction {unknown}
 f - a potion of resistance {unknown}
 i - a potion of enlightenment {unknown}
 o - 4 potions of curing {unknown}
 v - a potion of lignification {unknown}
 A - a potion of haste {unknown}


   Skills:
 + Level 3.9 Dodging
 - Level 2.6 Stealth
 + Level 4.1 Spellcasting
 + Level 5.8 Summonings


You had 10 spell levels left.
You knew the following spells:

 Your Spells              Type           Power      Damage    Failure   Level
a - Summon Small Mammal   Summ           96%        N/A       1%          1
b - Call Imp              Summ           48%        N/A       1%          2

Your spell library contained the following spells:

 Spells                   Type           Power      Damage    Failure   Level
 Call Canine Familiar     Summ           24%        N/A       4%          3
 Summon Guardian Golem    Hex/Summ       14%        N/A       13%         3
 Apportation              Tloc           6%         N/A       14%         1
 Necrotise                Necr           12%        1d4       14%         1
 Lesser Beckoning         Tloc           6%         N/A       22%         2
 Gell's Gravitas          Tloc           3%         N/A       41%         3
 Teleport Other           Tloc           3%         N/A       41%         3
 Summon Lightning Spire   Summ/Air       14%        N/A       41%         4


Dungeon Overview and Level Annotations

Branches:
Dungeon (4/15)
 Temple: D:4-7

Altars:
Okawaru

Shops:
D:4 [


Innate Abilities, Weirdness & Mutations

You are small and have problems with some larger weapons.
You are completely attuned to the shadows.


Message History

You barely miss the killer bee.
The killer bee is lightly wounded.
The killer bee stings your cerulean imp!
Your cerulean imp dies!
Your cerulean imp disappears in a puff of smoke!
The killer bee barely misses you.
Your quokka completely misses the killer bee.
You closely miss the killer bee.
The killer bee is lightly wounded.
The killer bee stings you! The killer bee closely misses you.
Your quokka misses the killer bee.
Casting: Summon Small Mammal (safe; 1% risk of failure)
Confirm with . or Enter, or press ? or * to list all spells.
A tiny devil pulls itself out of the air.
The killer bee barely misses you. The killer bee misses you.
The killer bee barely misses you.
Your quokka closely misses the killer bee.
The killer bee closely misses you.
You closely miss the killer bee.
The killer bee is lightly wounded.
The killer bee stings you. The killer bee misses you.
Your quokka misses the killer bee. The killer bee stings you.
The killer bee completely misses you.
Your cerulean imp hits the killer bee from afar with a -2 spear.
You miss the killer bee.
The killer bee is lightly wounded.
The killer bee closely misses you. The killer bee stings you.
Your quokka closely misses the killer bee.
The killer bee stings you.
* * * LOW HITPOINT WARNING * * *
The killer bee closely misses you.
Your cerulean imp hits the killer bee but does no damage.
Your quokka barely misses the killer bee.
You miss the killer bee.
The killer bee is lightly wounded.
The killer bee closely misses you. The killer bee stings you.
* * * LOW HITPOINT WARNING * * *
You are lethally poisoned!
The killer bee poisons you! The killer bee stings you.
You die...

######...
.........
........ ......#
.w....#
#####y#### .
....@yr...
#.####..####
......5.#
#........#
#.##.....#
#........#
#......#.###
##...#.....#
######........#.#


You could see 2 killer bees, a friendly cerulean imp (summoned) and a friendly
quokka (summoned).

Vanquished Creatures
  A killer bee (D:4)
  A hound (D:4)
  An orc wizard (D:4)
  5 adders
  4 gnolls
  2 worms (D:2)
  2 dart slugs (D:3)
  An orc (D:4)
  4 endoplasms (D:2)
  2 giant cockroaches
  7 hobgoblins
  2 quokkas (D:1)
  3 ball pythons
  4 bats (D:2)
  4 frilled lizards
  6 goblins
  6 kobolds
  5 rats
60 creatures vanquished.

Vanquished Creatures (collateral kills)
  A gnoll (D:2)
  3 orcs (D:4)
  An endoplasm (D:1)
  A giant cockroach (D:2)
  3 goblins (D:1)
  2 hobgoblins
  2 ball pythons
  A frilled lizard (D:2)
  A kobold (D:1)
  A rat (D:1)
16 creatures vanquished.

Vanquished Creatures (others)
  A butterfly (D:4)
1 creature vanquished.

Grand Total: 77 creatures vanquished

Notes
Turn   | Place    | Note
-------+----------+-------------------------------------------
     0 | D:1      | ketsa the Kobold Summoner began the quest for the Orb.
     0 | D:1      | Reached XP level 1. HP: 10/10 MP: 3/3
   130 | D:1      | Reached XP level 2. HP: 7/15 MP: 1/5
   439 | D:1      | Reached XP level 3. HP: 7/19 MP: 4/7
   823 | D:2      | Found a faded altar of an unknown god.
   965 | D:2      | Reached XP level 4. HP: 10/24 MP: 8/8
  1027 | D:2      | Learned a level 2 spell: Call Imp
  1354 | D:2      | Reached skill level 5 in Summonings
  1504 | D:2      | Found an iron altar of Okawaru.
  1780 | D:2      | Reached XP level 5. HP: 22/28 MP: 10/10
  2816 | D:4      | Reached XP level 6. HP: 30/32 MP: 11/11
  3059 | D:4      | Found Zoxtofuu's Antique Armour Shop.
  3081 | D:4      | Slain by a killer bee

Illustrated notes

Levels and vault maps discovered:
D:1:      scummos_arrival_simple_fountains, layout_rooms,
          ebering_dispersal_statue_hall
D:2:      layout_basic, basic_altar, nicolae_ecumenical_pavilion,
          minmay_joined_circles
D:3:      layout_loops_cross, chequers_big_river
D:4:      layout_basic, nicolae_elyvilon_peaceful_grove,
          nicolae_ru_great_annihilating_truth, amcnicky_altar_gilded,
          lemuel_tele_altar, serial_bayou, serial_bayou_lake_a,
          serial_bayou_pond_c, serial_bayou_pond_c, serial_shops, shop, shop,
          nicolae_shop_trees, nicolae_shop_statue_plus, nicolae_shop_peninsula,
          uniq_ijyb

Skill      XL: |  1  2  3  4  5  6 |
---------------+-------------------+-----
Spellcasting   | 3 4 |  4.1
Summonings     | 5 |  5.8
Dodging        | 3 |  3.9
Stealth        | |  2.6

Action                     |  1- 3 |  4- 6 || total
---------------------------+-------+-------++-------
  Melee: Dagger            |    56 |   128 ||   184
         Club              |     4 |       ||     4
         Unarmed           |     1 |       ||     1
         Punch             |     1 |     2 ||     3
   Cast: Summon Small Mamm |    17 |    15 ||    32
         Call Imp          |       |    13 ||    13
   Stab: Sleeping          |    11 |     8 ||    19
         Distracted        |     1 |     1 ||     2
 Armour: Robe              |    18 |    54 ||    72
  Dodge: Dodged            |    41 |    84 ||   125

Table legend: (Time is in decaauts)
 A = Elapsed time spent in this place.
 B = Non-inter-level travel time spent in this place.
 C = Inter-level travel time spent in this place.
 D = Time resting spent in this place.
 E = Time spent auto-exploring this place.
 F = Levels seen in this place.
 G = Mean time per level.
                   A        B        C        D        E       F      G
               +--------+--------+--------+--------+--------+-----+--------+
         Total |   3091 |   3062 |     29 |    633 |   1188 |   4 |  772.8 |
       Dungeon |   3091 |   3062 |     29 |    633 |   1188 |   4 |  772.8 |
               +--------+--------+--------+--------+--------+-----+--------+

Top non-repeatable levels by time:
     D:2: 987 daAuts
     D:3: 962 daAuts
     D:1: 846 daAuts
     D:4: 294 daAuts
